 Dungeon Crawl Stone Soup version 0.20-a0-433-g9e36e56 (webtiles) character file.

94 HallandMoats the Skirmisher (level 4, -8/29 HPs)
             Began as a Gargoyle Fighter on Jan 3, 2017.
             Killed by divine providence
             ... invoked by an orc priest
              (14 damage)
             ... on level 4 of the Dungeon.
             The game lasted 00:02:59 (1676 turns).

HallandMoats the Skirmisher (Gargoyle Fighter)      Turns: 1676, Time: 00:03:00

Health: -8/29      AC: 10    Str: 21    XL:     4   Next: 63%
Magic:  4/4        EV:  8    Int:  8    God:
Gold:   94         SH:  9    Dex:  9    Spells: 3/3 levels left

rFire  . . .     SeeInvis .     a - +0 flail
rCold  . . .     Gourm    .     b - +0 scale mail
rNeg   + . .     Faith    .     c - +0 shield
rPois  ∞         Spirit   .     (no helmet)
rElec  +         Reflect  .     (no cloak)
rCorr  .         Harm     .     (no gloves)
MR     .....                    (no boots)
Stlth  ..........               (no amulet)
                                (no ring)
                                (no ring)

@: no status effects
A: negative energy resistance 1, electricity resistance, unbreathing,
petrification resistance, rot immunity, AC +3
a: no special abilities


You were on level 4 of the Dungeon.
You were very hungry.

You visited 1 branch of the dungeon, and saw 3 of its levels.

You collected 94 gold pieces.

Inventory:

Hand Weapons
 a - a +0 flail (weapon)
Armour
 b - a +0 scale mail (worn)
 c - a +0 shield (worn)
Jewellery
 i - an uncursed ring of fire
 t - an uncursed amulet of faith {unknown}
Scrolls
 e - a scroll of blinking {unknown}
 j - 3 scrolls of identify {unknown}
 k - a scroll of amnesia {unknown}
 l - a scroll of enchant armour {unknown}
 m - a scroll of enchant weapon {unknown}
 o - a scroll of immolation
 q - a scroll of recharging {unknown}
 r - a scroll of teleportation {unknown}
Potions
 d - a potion of might
 g - a potion of lignification {unknown}
 h - a potion of agility {unknown}
 n - a potion of berserk rage {unknown}
 p - a potion of curing {unknown}
 s - a potion of cancellation {unknown}
Comestibles
 f - 2 bread rations


   Skills:
 * Level 4.1 Fighting
 * Level 2.7 Maces & Flails
 * Level 4.1 Armour
 * Level 1.2 Dodging
 + Level 3.4 Shields


You had 3 spell levels left.
You didn't know any spells.

Dungeon Overview and Level Annotations

Branches:
Dungeon (2/15)

Altars:


Innate Abilities, Weirdness & Mutations

You are resistant to torment.
Your stone body is resilient. (AC +3)
You are immune to poison.
You resist negative energy. (rN+)
You are resistant to electric shocks. (rElec)
You can survive without breathing.
You are immune to petrification.
You are immune to rotting.


Message History

The orc wizard shouts!
You hit the leopard gecko.
The leopard gecko is heavily wounded.
The leopard gecko bites you but does no damage.
The hound bites you but does no damage. The leopard gecko closely misses you.
The hound bites you.
You closely miss the leopard gecko.
The leopard gecko is heavily wounded.
The hound bites you but does no damage. You block the leopard gecko's attack.
The orc priest calls down the wrath of Beogh upon you.
Beogh smites you!
* * * LOW HITPOINT WARNING * * *
The hound bites you but does no damage.
You barely miss the leopard gecko.
The leopard gecko is heavily wounded.
The leopard gecko bites you but does no damage.
The hound bites you but does no damage.
The orc priest mumbles some strange prayers to Beogh against you.
Beogh smites you!
You die...

...........
#..........
#..........
#....o.....
#..........
#######..........
#.......o.o......
#......h.........
#.....@l.o.......
#................
#........#####...
#........# #..
#.%......# ..
##########


You could see a hound (inner flame), an orc priest (inner flame), an orc wizard,
2 orcs and a leopard gecko (inner flame).

Vanquished Creatures
  An adder (D:2)
  2 worms (D:2)
  4 dart slugs (D:1)
  2 leopard geckos
  3 giant cockroaches
  8 goblins
  8 hobgoblins
  5 jackals
  5 kobolds
  4 quokkas (D:2)
  2 ball pythons (D:2)
  8 bats
  4 frilled lizards
  8 rats
64 creatures vanquished.

Notes
Turn   | Place    | Note
-------+----------+-------------------------------------------
     0 | D:1      | HallandMoats the Gargoyle Fighter began the quest for the Orb.
     0 | D:1      | Reached XP level 1. HP: 14/14 MP: 1/1
   108 | D:1      | Reached XP level 2. HP: 19/19 MP: 2/2
   296 | D:1      | Reached XP level 3. HP: 23/23 MP: 3/3
   897 | D:2      | Reached skill level 1 in Dodging
  1008 | D:2      | Reached XP level 4. HP: 19/29 MP: 4/4
  1669 | D:2      | You fall through a shaft for 2 floors!
  1676 | D:4      | Killed from afar by an orc priest

Vault maps used:
D:1:      arrival_zaba_pyramid
D:2:      first_bread
D:4:      portal_sewer_entry_b, kennysheep_nub, okawaru_metal_pillars_1_2,
          uniq_pikel

Skill      XL: |  1  2  3  4 |
---------------+-------------+-----
Dodging        | 1 |  1.2
Fighting       | 4 |  4.1
Armour         | 4 |  4.1
Maces & Flails | |  2.7
Shields        | |  3.4

Action                   |  1- 3 |  4- 6 || total
-------------------------+-------+-------++-------
Melee: Flail             |   142 |    92 ||   234
  Use: Scroll            |       |     1 ||     1
  Eat: Chunk             |       |     2 ||     2
Armor: Scale mail        |    91 |    88 ||   179
Dodge: Dodged            |    60 |    43 ||   103
Block: Shield            |    92 |    82 ||   174
